 Dungeon Crawl Stone Soup version 0.19.1 (webtiles) character file.

120 Aksej the Chopper (level 4, -12/30 HPs)
             Began as a Demonspawn Gladiator on Dec 12, 2016.
             Mangled by Aksej's ghost (13 damage)
             ... on level 3 of the Dungeon.
             The game lasted 00:03:38 (1520 turns).

Aksej the Chopper (Demonspawn Gladiator)            Turns: 1520, Time: 00:03:38

Health: -12/30     AC:  8    Str: 16    XL:     4   Next: 75%
Magic:  3/3        EV: 11    Int:  8    God:
Gold:   249        SH:  0    Dex: 15    Spells: 0 memorised, 3 levels left

rFire  . . .     SeeInvis .     a - +1 war axe
rCold  . . .     Gourm    .     m - +0 scale mail
rNeg   . . .     Faith    .     (no shield)
rPois  .         Spirit   .     c - +0 helmet
rElec  .         Reflect  .     (no cloak)
rCorr  .         Harm     .     (no gloves)
MR     .....                    (no boots)
Stlth  ..........               (no amulet)
                                (no ring)
                                (no ring)

@: no status effects
A: rugged brown scales 1, agile 1, dopey 1, frail 1, low mp 1, wild magic 1
a: no special abilities


You were on level 3 of the Dungeon.
You were not hungry.

You visited 1 branch of the dungeon, and saw 3 of its levels.

You collected 249 gold pieces.

Inventory:

Hand Weapons
 a - a +1 war axe (weapon)
Missiles
 d - 3 throwing nets (quivered)
Armour
 c - a +0 helmet (worn)
 m - a +0 scale mail (worn)
Comestibles
 f - 2 bread rations
 g - a slice of pizza
 h - 9 chunks of flesh
 j - 6 fruits


   Skills:
 + Level 2.1 Fighting
 * Level 4.4 Axes
 + Level 1.7 Throwing
 + Level 1.0 Armour
 + Level 3.1 Dodging


You had 3 spell levels left.
You didn't know any spells.

Dungeon Overview and Level Annotations

Branches:
Dungeon (3/15)

Altars:
Okawaru
Yredelemnul

Annotations:
D:3 Aksej's ghost, amateur DsGl


Innate Abilities, Weirdness & Mutations

You are partially covered in rugged brown scales. (AC +1, +3% HP)
You are agile. (Dex +2)
You are dopey. (Int -2)
You are frail. (-10% HP)
Your magical capacity is low. (-10% MP)
Your spells are a little harder to cast, but a little more powerful.


Message History

Aksej's ghost is lightly damaged.
Aksej's ghost hits you.
You slash Aksej's ghost!
Aksej's ghost is moderately damaged.
Aksej's ghost hits you!
* * * LOW HITPOINT WARNING * * *
Aksej's ghost hits you but does no damage.
You closely miss Aksej's ghost.
Aksej's ghost is moderately damaged.
Aksej's ghost hits you.
* * * LOW HITPOINT WARNING * * *
You aren't carrying any items that you can evoke.
You barely miss Aksej's ghost.
Aksej's ghost is moderately damaged.
Aksej's ghost completely misses you.
You hit Aksej's ghost.
Aksej's ghost is moderately damaged.
Aksej's ghost wails.
Aksej's ghost hits you!
You die...

#.# #.# #.# ###.#
.... ..# #.# #W#
#@# #.# ##### #.#
##...## #)#
##.....## #)#
##.......# #.#
#.....>...
#.#######.........
#.................
##########.......#


You could see Aksej's ghost.

Vanquished Creatures
  An orc wizard (D:3)
  4 gnolls (D:3)
  An adder (D:2)
  An ooze (D:1)
  A leopard gecko (D:1)
  3 orcs (D:3)
  2 giant cockroaches
  6 goblins
  3 hobgoblins
  A jackal (D:1)
  A kobold (D:1)
  9 bats
  7 rats
40 creatures vanquished.

Notes
Turn   | Place    | Note
-------+----------+-------------------------------------------
     0 | D:1      | Aksej the Demonspawn Gladiator began the quest for the Orb.
     0 | D:1      | Reached XP level 1. HP: 16/16 MP: 1/1
   111 | D:1      | Reached skill level 3 in Axes
   140 | D:1      | Gained mutation: You are partially covered in rugged brown scales. (AC +1, +3% HP) [demonic ancestry]
   140 | D:1      | Reached XP level 2. HP: 15/22 MP: 2/2
   448 | D:1      | Gained mutation: Your spells are a little harder to cast, but a little more powerful. [potion of mutation]
   448 | D:1      | Gained mutation: You are dopey. (Int -2) [potion of mutation]
   448 | D:1      | Gained mutation: You are frail. (-10% HP) [potion of mutation]
   701 | D:2      | Gained mutation: You are agile. (Dex +2) [potion of mutation]
   701 | D:2      | Gained mutation: Your magical capacity is low. (-10% MP) [potion of mutation]
   722 | D:2      | Reached XP level 3. HP: 25/25 MP: 2/2
  1207 | D:2      | Found a faded altar of an unknown god.
  1207 | D:2      | Found an iron altar of Okawaru.
  1212 | D:2      | Found a faded altar of an unknown god.
  1214 | D:2      | Found a faded altar of an unknown god.
  1215 | D:2      | Found a basalt altar of Yredelemnul.
  1473 | D:3      | Reached skill level 4 in Axes
  1473 | D:3      | Reached XP level 4. HP: 30/30 MP: 3/3
  1476 | D:3      | Reached skill level 1 in Armour
  1506 | D:3      | Noticed Aksej's ghost (amateur DsGl)
  1518 | D:3      | HP: 1/30 [Aksej's ghost (2)]
  1520 | D:3      | Mangled by Aksej's ghost

Skill      XL: |  1  2  3  4 |
---------------+-------------+-----
Axes           | 3 4 |  4.4
Dodging        | 3 |  3.1
Armour         | 1 |  1.0
Fighting       | |  2.1
Throwing       | |  1.7

Action                   |  1- 3 |  4- 6 || total
-------------------------+-------+-------++-------
Melee: War axe           |    85 |    28 ||   113
  Use: Scroll            |     8 |       ||     8
       Potion            |     4 |     2 ||     6
 Stab: Sleeping          |     1 |       ||     1
  Eat: Chunk             |     2 |       ||     2
Armor: Leather armour    |    18 |       ||    18
       Scale mail        |    22 |     6 ||    28
Dodge: Dodged            |    69 |    13 ||    82
